 Dungeon Crawl Stone Soup version 0.24-a0-130-ga3c21ff (webtiles) character file.

Game seed: 13789955785153287335

37 Inarius the Chiller (level 3, -1/14 HPs)
             Began as a Felid Ice Elementalist on Feb 26, 2019.
             Slain by Sigmund
             ... wielding a +2 scythe of venom
              (15 damage)
             ... on level 2 of the Dungeon.
             The game lasted 00:02:34 (1962 turns).

Inarius the Chiller (Felid Ice Elementalist)        Turns: 1962, Time: 00:02:35

Health: -1/14      AC:  1    Str:  4    XL:     3   Next: 23%
Magic:  5/7        EV: 18    Int: 17    God:
Gold:   31         SH:  0    Dex: 16    Spells: 3/6 levels left
                                        Lives:  0   Deaths: 0

rFire    . . .     SeeInvis +   (weapon unavailable)
rCold    . . .     Gourm    .   (shield unavailable)
rNeg     . . .     Faith    .   (armour unavailable)
rPois    .         Spirit   .   (helmet unavailable)
rElec    .         Reflect  .   (cloak unavailable)
rCorr    .         Harm     .   (gloves unavailable)
MR       .....                  (boots unavailable)
Stlth    +++.......             (no amulet)
HPRegen  0.04/turn              (no ring)
MPRegen  0.10/turn              (no ring)

@: quick
A: very small, no armour, no weapons or thrown items, stealth, claws 1, fangs 3,
see invisible, carnivore, speed 1, shaggy fur 1, slow metabolism 1, sharp paws
a: no special abilities


You were on level 2 of the Dungeon.
You were completely stuffed.

You visited 1 branch of the dungeon, and saw 2 of its levels.

You collected 31 gold pieces.

Inventory:

Scrolls
 a - 2 scrolls of identify {unknown}
 d - a scroll of immolation {unknown}
Potions
 c - a potion of flight {unknown}
 e - a potion of cancellation {unknown}
Comestibles
 b - 3 rations
 f - a chunk of flesh


   Skills:
 + Level 0.1 Fighting
 + Level 2.7 Dodging
 + Level 3.2 Stealth
 + Level 0.2 Unarmed Combat
 + Level 2.1 Spellcasting
 * Level 1.0 Conjurations
 * Level 3.5 Ice Magic


You had 3 spell levels left.
You knew the following spells:

 Your Spells              Type           Power        Failure   Level  Hunger
a - Freeze                Ice            ##..         4%          1    #......
b - Throw Frost           Conj/Ice       #.....       11%         2    ###....

Your spell library contained the following spells:

 Spells                   Type           Power        Failure   Level  Hunger
 Ozocubu's Armour         Chrm/Ice       #.......     28%         3    ###....
 Throw Icicle             Conj/Ice       #.......     58%         4    #####..
 Summon Ice Beast         Ice/Summ       #.......     67%         4    #####..


Dungeon Overview and Level Annotations

Branches:
Dungeon (2/15)

Altars:

Annotations:
D:2 Sigmund


Innate Abilities, Weirdness & Mutations

You cannot wear armour.
You are incapable of wielding weapons or throwing items.
Your paws allow you to move quietly. (Stealth)
You have sharp claws.
You have razor-sharp teeth.
You have supernaturally acute eyesight. (SInv)
You are carnivorous and can eat meat at any time.
You cover ground quickly.
You are covered in fur. (AC +1)
You have a slow metabolism.
Your sharp claws are effective at attacking unaware monsters.


Message History

You resist with some effort.
You scratch Sigmund but do no damage. Sigmund barely misses you.
You closely miss Sigmund. Sigmund completely misses you.
Casting: Freeze (safe; 4% risk of failure)
Confirm with . or Enter, or press ? or * to list all spells.
Aiming: Freeze (safe; 4% risk of failure)
Press: ? - help, Shift-Dir - straight line, f - Sigmund
Aim: Sigmund, wielding a +2 scythe of venom and wearing a +0 robe You freeze Sigmund.
Sigmund is lightly wounded.
Casting: Freeze (safe; 4% risk of failure)
Confirm with . or Enter, or press ? or * to list all spells.
Aiming: Freeze (safe; 4% risk of failure)
Press: ? - help, Shift-Dir - straight line, f/p - Sigmund
Aim: Sigmund, wielding a +2 scythe of venom and wearing a +0 robe (lightly wounded)
You freeze Sigmund.
Sigmund is moderately wounded.
Sigmund hits you with a +2 scythe of venom!
Ouch! That really hurt!
You die...

#............#.# #.#
###.#..#.....#.# #.#
#....#.###.#.# #.#
#....#.# #.#.#######.#
####...#.# #.#.........#
..##...#.# #.#.#######<#
#.##...#.# #.#.# ###
.........###.#.#########
...##.......†...@@......
....#..........#####.###
#.#.#...####.#..[
#.#.#...# #.#.###
..#.#.(.# #.#.#
.##.#...# #.#.# .##.#
#.#.# ..... #. ..#.#


You could see Sigmund.

Vanquished Creatures
  An adder (D:2)
  5 bats
  4 giant cockroaches
  4 hobgoblins
  3 goblins
  6 kobolds
  4 rats (D:1)
27 creatures vanquished.

Notes
Turn   | Place    | Note
-------+----------+-------------------------------------------
     0 | D:1      | Inarius the Felid Ice Elementalist began the quest for the
                  | Orb.
     0 | D:1      | Reached XP level 1. HP: 7/7 MP: 4/4
   273 | D:1      | Reached XP level 2. HP: 2/11 MP: 4/6
   562 | D:1      | Learned a level 2 spell: Throw Frost
   999 | D:1      | Reached skill level 1 in Conjurations
  1517 | D:2      | Reached XP level 3. HP: 9/14 MP: 2/7
  1904 | D:2      | Noticed Sigmund
  1962 | D:2      | Slain by Sigmund

Levels and vault maps discovered:
D:1:      matt_arrival_debris, layout_basic
D:2:      layout_basic, first_ration, uniq_sigmund

Skill      XL: |  1  2 |
---------------+-------+-----
Ice Magic      | 3 |  3.5
Conjurations   | 1 |  1.0
Stealth        | 3 |  3.2
Fighting       | |  0.1
Dodging        | |  2.7
Unarmed Combat | |  0.2
Spellcasting   | |  2.1

Action                   || total
-------------------------++-------
Melee: Unarmed           ||    44
       Bite              ||     2
 Cast: Freeze            ||    18
       Throw Frost       ||    13
 Stab: Sleeping          ||     7
  Eat: Chunk             ||    10
Armor: Skin              ||     3
Dodge: Dodged            ||    43

Table legend:
 A = Non-vault XP
 B = Vault XP
 C = Vault XP percentage of total XP
 D = Non-vault monster count
 E = Vault monster count
 F = Vault count percentage of total count
                 A         B        C        D         E       F
            +---------+---------+-------+---------+---------+-------
      Total |      54 |       0 |   0.0 |      27 |       0 |   0.0
            +---------+---------+-------+---------+---------+-------
        D:1 |      28 |       0 |   0.0 |      19 |       0 |   0.0
        D:2 |      26 |       0 |   0.0 |       8 |       0 |   0.0
            +---------+---------+-------+---------+---------+-------
